 Dungeon Crawl Stone Soup version 0.26.1-11-gd32895ea62 (webtiles) character file.

Game seed: 14962584541696505750

165 Zeld the Cudgeller (level 5, 0/34 HPs)
             Began as an Octopode Warper on May 17, 2021.
             Slain by a basilisk (8 damage)
             ... while petrified by a basilisk
             ... on level 4 of the Dungeon.
             The game lasted 00:03:18 (3763 turns).

Zeld the Cudgeller (Octopode Warper)                Turns: 3763, Time: 00:03:19

Health: 0/34       AC:  1    Str: 11    XL:     5   Next: 46%
Magic:  9/9        EV:  2    Int: 16    God:
Gold:   182        SH:  0    Dex: 11    Spells: 2/10 levels left

rFire    . . .     SeeInvis .   f - +0 mace
rCold    . . .     Faith    .   (no shield)
rNeg     + + +     Spirit   .   (helmet restricted)
rPois    ∞         Reflect  .   (no amulet)
rElec    .         Harm     .   (no ring)
rCorr    .         Rampage  .   (no ring)
Will     .....                  (no ring)
Stlth    ++........             (no ring)
HPRegen  0.11/turn              (no ring)
MPRegen  0.11/turn              (no ring)
                                (no ring)
                                (no ring)

@: petrified
A: almost no armour, stealthy swim, amphibious, 8 rings, constrict 8, camouflage
1, gelatinous body 1
a: no special abilities


You were on level 4 of the Dungeon.
You visited 1 branch of the dungeon, and saw 4 of its levels.

You collected 182 gold pieces.

Inventory:

Hand Weapons
 a - a +0 mace
 f - a +0 mace (weapon)
Missiles
 b - 5 boomerangs of dispersal (quivered)
Jewellery
 i - an uncursed amulet of reflection {unknown}
 j - a +6 ring of dexterity {unknown}
 q - an uncursed ring of fire {unknown}
Wands
 h - a wand of polymorph (4)
Scrolls
 c - 3 scrolls of blinking
 e - 3 scrolls of teleportation {unknown}
 g - 3 scrolls of identify {unknown}
 m - 2 scrolls of remove curse {unknown}
 p - a scroll of immolation {unknown}
 s - 3 scrolls of enchant weapon {unknown}
Potions
 d - a potion of invisibility {unknown}
 k - a potion of brilliance {unknown}
 l - a potion of might {unknown}
 n - a potion of curing {unknown}
 o - a potion of cancellation {unknown}
 r - a potion of degeneration {unknown}
 t - a potion of berserk rage {unknown}


   Skills:
 - Level 2.0 Fighting
 * Level 4.1 Maces & Flails
 - Level 1.0 Throwing
 - Level 2.3 Dodging
 + Level 3.0 Spellcasting
 + Level 3.9 Translocations


You had 2 spell levels left.
You knew the following spells:

 Your Spells              Type           Power        Failure   Level
a - Blink                 Tloc           N/A          5%          2
b - Gell's Gravitas       Tloc           7%           11%         3
c - Lesser Beckoning      Tloc           7%           11%         3

Your spell library contained the following spells:

 Spells                   Type           Power        Failure   Level
 Teleport Other           Tloc           14%          11%         3
 Passage of Golubria      Tloc           N/A          36%         4


Dungeon Overview and Level Annotations

Branches:
Dungeon (4/15)
 Temple: D:4-7

Altars:
Kikubaaqudgha
Qazlal
Xom


Innate Abilities, Weirdness & Mutations

You cannot wear most types of armour.
You are very stealthy in the water. (Stealth+)
You are amphibious.
You can wear up to eight rings at the same time.
You can use your tentacles to constrict eight enemies at once.
Your skin changes colour to match your surroundings (Stealth+).
Your rubbery body absorbs attacks. (AC +1, EV +1)


Message History

Aiming: Polymorph
Press: ? - help, Shift-Dir - straight line, f/p - ogre
Aim: an ogre, wielding a -2 giant spiked club (moderately wounded, will become a basilisk, a sky beast, or a scorpion, chance to affect: 46%)
The ogre evaporates and reforms as a basilisk!
Unknown command.
The basilisk gazes at you.
You are slowing down.
You see here an adder corpse.
Your limbs are stiffening.
The frilled lizard unfolds its giant frill.
The frilled lizard bites you.
You have turned to stone.
The frilled lizard bites you. x2
The basilisk gazes at you. The frilled lizard bites you.
The basilisk gazes at you. The frilled lizard bites you.
The basilisk bites you. The frilled lizard bites you. The basilisk bites you.
* * * LOW HITPOINT WARNING * * *
The frilled lizard bites you. The basilisk bites you!
You die...

#.#####.# #.... #.#
#.......# #.... #.#
#....#..###.... # #.#
#.#.##......... ##. #.#
#l#....####.... #
#..##.###.###########..
....................
#.. #..#..###.########
### #....<@l†.# #
#...#.#l### #
#......... #
#........### #
#..#.....# #......#.. #
#<....... ##........


You could see a basilisk and a frilled lizard.

Vanquished Creatures
  An orc wizard (D:2)
  Jessica (D:2)
  3 adders
  An ooze (D:2)
  2 worms (D:2)
  A leopard gecko (D:1)
  6 orcs
  6 bats
  5 giant cockroaches
  4 hobgoblins
  10 jackals
  2 ball pythons
  A frilled lizard (D:1)
  6 goblins
  7 kobolds
  9 rats
65 creatures vanquished.

Notes
Turn   | Place    | Note
-------+----------+-------------------------------------------
     0 | D:1      | Zeld the Octopode Warper began the quest for the Orb.
     0 | D:1      | Reached XP level 1. HP: 14/14 MP: 3/3
   110 | D:1      | Reached XP level 2. HP: 4/19 MP: 5/5
   113 | D:1      | Learned a level 2 spell: Blink
   518 | D:1      | You fall into a shaft and drop 1 floor!
   631 | D:2      | Noticed Jessica
   658 | D:2      | Killed Jessica
   659 | D:2      | Reached skill level 3 in Maces & Flails
   659 | D:2      | Reached XP level 3. HP: 24/24 MP: 6/6
   910 | D:2      | Learned a level 3 spell: Gell's Gravitas
  1179 | D:1      | Reached XP level 4. HP: 26/29 MP: 7/7
  1825 | D:1      | Learned a level 3 spell: Lesser Beckoning
  2247 | D:2      | Found a shimmering altar of Xom.
  2247 | D:2      | Found an ancient bone altar of Kikubaaqudgha.
  2311 | D:2      | Reached XP level 5. HP: 34/34 MP: 9/9
  2783 | D:3      | Found a stormy altar of Qazlal.
  2791 | D:3      | Reached skill level 4 in Maces & Flails
  3722 | D:4      | Noticed an ogre
  3754 | D:4      | Noticed a basilisk
  3754 | D:4      | an ogre changed into a basilisk
  3763 | D:4      | Slain by a basilisk

Illustrated notes

Levels and vault maps discovered:
D:1:      dpeg_arrival_refuge, layout_basic
D:2:      layout_basic, gammafunk_temple_overflow_wave, minmay_pentomino_w2,
          uniq_jessica
D:3:      layout_basic, nicolae_qazlal_general_emergency, chequers_avenue
D:4:      layout_basic, minmay_temple_entry_drinking_statues

Skill      XL: |  1  2  3  4  5 |
---------------+----------------+-----
Maces & Flails | 3 4 |  4.1
Spellcasting   | 3 |  3.0
Fighting       | |  2.0
Throwing       | |  1.0
Dodging        | |  2.3
Translocations | |  3.9

Action                   |  1- 3 |  4- 6 || total
-------------------------+-------+-------++-------
Melee: Mace              |    52 |    84 ||   136
       Constrict         |     6 |    27 ||    33
       Tentacles         |     5 |    19 ||    24
 Cast: Blink             |       |     1 ||     1
Evoke: Wand              |       |     3 ||     3
 Stab: Sleeping          |     2 |     7 ||     9
Armor: Skin              |     8 |     6 ||    14
Dodge: Dodged            |    31 |    81 ||   112
